 Dungeon Crawl Stone Soup version 0.20-a0-494-gf50ee04 (webtiles) character file.

141 Jmtri7 the Slasher (level 5, -9/41 HPs)
             Began as a Merfolk Monk on Jan 17, 2017.
             Mangled by Sigmund
             ... wielding a +1 scythe of distortion
              (18 damage)
             ... on level 3 of the Dungeon.
             The game lasted 00:10:59 (2710 turns).

Jmtri7 the Slasher (Merfolk Monk)                   Turns: 2710, Time: 00:10:59

Health: -9/41      AC:  4    Str: 12    XL:     5   Next: 24%
Magic:  5/5        EV: 14    Int:  9    God:
Gold:   112        SH:  0    Dex: 17    Spells: 4/4 levels left

rFire    . . .     SeeInvis +   b - +3 dagger (vamp)
rCold    . . .     Gourm    .   t - +0 animal skin
rNeg     . . .     Faith    .   (no shield)
rPois    .         Spirit   .   i - +1 helmet
rElec    .         Reflect  .   (no cloak)
rCorr    .         Harm     .   (no gloves)
MR       .....                  (no boots)
Stlth    ++........             (no amulet)
Regen    0.2/turn               (no ring)
                                e - ring of see invisible

@: about to teleport
A: change form in water, swift swim, stealthy swim
a: no special abilities


You were on level 3 of the Dungeon.
You were not hungry.

You visited 1 branch of the dungeon, and saw 3 of its levels.

You collected 112 gold pieces.

Inventory:

Hand Weapons
 b - a +3 vampiric dagger (weapon)
 j - a +1 short sword of electrocution
 p - a +0 long sword
Armour
 i - a +1 helmet (worn)
 t - a +0 animal skin (worn)
Jewellery
 e - a ring of see invisible (left hand)
Scrolls
 q - a scroll of teleportation
 s - a scroll of magic mapping
Potions
 d - a potion of might {unknown}
 g - 3 potions of curing {unknown}
 k - 5 potions of cure mutation {unknown}
 m - a potion of degeneration {unknown}
 o - a potion of mutation {unknown}
 r - a potion of heal wounds {unknown}
Comestibles
 a - a chunk of flesh
 c - 4 bread rations
 f - a slice of pizza
 l - 3 fruits


   Skills:
 - Level 3.2 Fighting
 + Level 6.3 Long Blades
 - Level 4.0 Dodging
 - Level 2.1 Stealth


You had 4 spell levels left.
You didn't know any spells.

Dungeon Overview and Level Annotations

Branches:
Dungeon (3/15)

Altars:

Annotations:
D:3 Sigmund


Message History

You bump into the rock wall.
Sigmund mumbles some strange words.
Sigmund flickers and vanishes for a moment.
You bump into the rock wall.
You feel less confused.
Sigmund hits you with a scythe of distortion!
You feel strangely unstable.
You closely miss Sigmund.
Sigmund is lightly wounded.
You hit Sigmund.
Sigmund is lightly wounded.
Sigmund misses you.
You closely miss Sigmund.
Sigmund is lightly wounded.
You hit Sigmund.
Sigmund is moderately wounded.
Sigmund hits you with a scythe of distortion!
* * * LOW HITPOINT WARNING * * *
Space warps horribly around you!
You die...

... ..# #.# #.# #.# #.#
#@#.# #@#.# #[#.# #
#.#.# .. #.#.## .#
###.###....##..#
...............#
########...###.#########
####.#.........>...
#######.........##)##


You could see Sigmund (invisible).

Vanquished Creatures
  Jessica (D:2)
  Robin (D:2)
  2 adders (D:2)
  2 worms (D:2)
  3 dart slugs
  4 leopard geckos (D:2)
  2 giant cockroaches
  13 goblins
  7 hobgoblins
  8 jackals
  11 kobolds
  3 bats
  6 frilled lizards
  7 rats
  A bush (D:2)
  3 plants (D:2)
74 creatures vanquished.

Vanquished Creatures (others)
  A plant (D:2)
1 creature vanquished.

Grand Total: 75 creatures vanquished

Notes
Turn   | Place    | Note
-------+----------+-------------------------------------------
     0 | D:1      | Jmtri7 the Merfolk Monk began the quest for the Orb.
     0 | D:1      | Reached XP level 1. HP: 18/18 MP: 1/1
   202 | D:1      | Reached XP level 2. HP: 19/24 MP: 2/2
   204 | D:1      | Reached skill level 4 in Long Blades
   485 | D:1      | Reached XP level 3. HP: 28/29 MP: 3/3
   965 | D:2      | Reached skill level 5 in Long Blades
   966 | D:2      | Noticed Jessica
   982 | D:2      | HP: 1/29 [Jessica/nerve-wracking pain (13)]
   992 | D:2      | Killed Jessica
   992 | D:2      | Reached XP level 4. HP: 2/35 MP: 4/4
  1333 | D:2      | Noticed Robin
  1364 | D:2      | Killed Robin
  1645 | D:2      | Reached skill level 6 in Long Blades
  1794 | D:2      | Reached XP level 5. HP: 41/41 MP: 5/5
  2694 | D:3      | Noticed Sigmund
  2710 | D:3      | Mangled by Sigmund

Vault maps used:
D:1:      elethiomel_arrival_infinity_welcomes_careful_drivers,
          minmay_misc_feat_encased
D:2:      lexackson_kobold_supper, uniq_jessica, uniq_robin
D:3:      hangedman_glass_teeth, uniq_grinder, uniq_iyjb, uniq_sigmund

Skill      XL: |  1  2  3  4 |
---------------+-------------+-----
Long Blades    | 4 5 6 |  6.3
Fighting       | |  3.2
Dodging        | |  4.0
Stealth        | |  2.1

Action                   |  1- 3 |  4- 6 || total
-------------------------+-------+-------++-------
Melee: Falchion          |    25 |       ||    25
       Short sword       |    56 |    53 ||   109
       Dagger            |       |   462 ||   462
  Use: Scroll            |     5 |     2 ||     7
 Stab: Sleeping          |     4 |     1 ||     5
       Distracted        |       |     1 ||     1
  Eat: Chunk             |       |     4 ||     4
       Meat ration       |       |     2 ||     2
Armor: Robe              |    12 |     7 ||    19
       Animal skin       |       |    11 ||    11
Dodge: Dodged            |    61 |    55 ||   116
       Rpst.: Falchion   |    10 |       ||    10
